[Event "Begum Laila Alam 12th Women 2022"]
[Site "Dhaka"]
[Date "2022.05.08"]
[Round "4.1"]
[White "Sultana, Sharmin Shirin"]
[Black "Hamid, Rani"]
[Result "1/2-1/2"]
[ECO "D52"]
[WhiteElo "1992"]
[BlackElo "1783"]
[Annotator "TA"]
[PlyCount "226"]
[EventDate "2022.05.05"]
[EventType "swiss"]
[EventCountry "BAN"]
[SourceTitle "playchess.com"]
[Source "ChessBase"]
[SourceQuality "1"]
[TimeControl "5400+30"]

1. d4 d5 2. c4 e6 3. Nc3 Nf6 4. Bg5 Nbd7 5. e3 c6 6. Nf3 Qa5 7. Nd2 Bb4 8. Qc2 Ne4 9. Ndxe4 dxe4 10. Bh4 O-O 11. Be2 e5 12. O-O f5 {[%emt 0:01:26] [#]} 13. a3 (13. Nxe4 $1 $16 fxe4 14. a3) 13... Bxc3 $14 {[%emt 0:02:29] D52: Queen's Gambit Declined: Cambridge Springs Variation.} 14. bxc3 Re8 {[%emt 0:02:10] Against Be7} (14... Rf7 $14) 15. f3 {[%emt 0:15:09] [#]} exf3 $146 {[%emt 0:01:32] [#] White is slightly better.} ({Predecessor:} 15... exd4 16. cxd4 Nf8 17. f4 Be6 18. Rfd1 Qc7 19. Qb2 Qf7 20. Qb4 Ng6 21. Be1 Red8 {0-1 (48) Friedmann,O-Tartakower,S London 1946}) 16. Rxf3 ({White should try} 16. Qxf5 $1 $16 {And now Qh5 would win.} Nb6 17. Qxf3) 16... Nf8 17. c5 {[%emt 0:03:58] Strongly threatening Bc4+.} Be6 {[%emt 0:04:16] Inhibits Bc4.} 18. Rff1 $36 {[%emt 0:00:48][%mdl 2048] White fights for an advantage.} (18. dxe5 Nd7 $17) 18... Ng6 19. Bg3 exd4 (19... Qd8 $14) 20. exd4 Bd5 (20... b6 $16) 21. Rxf5 $18 Re3 22. Bd3 Rae8 23. Bf2 R3e7 24. a4 Qc7 25. Bg3 Qd7 26. Rg5 Bf7 (26... Qe6 $142 27. Be5 (27. Bxg6 Qe3+ 28. Qf2 Qxc3 $11) 27... Nxe5 28. Bxh7+ (28. Rxe5 Qh6 $16) 28... Kh8 29. Rxe5 Qg4) 27. Rf1 Re3 28. Bd6 Re1 29. Rgf5 Qe6 30. Qf2 Rxf1+ 31. Bxf1 Ne7 32. Re5 Qd7 33. c4 Nc8 34. Rxe8+ Qxe8 35. Be5 Ne7 36. Bd3 Ng6 37. Bd6 Qe6 38. h3 Qe8 39. Kh2 Qd8 40. Qf5 b6 (40... Be8 {was worth a try.} 41. a5 b6 42. axb6 axb6) 41. Qf3 bxc5 42. Bxc5 Qd7 43. Qg3 a5 44. Qb8+ Be8 {[%emt 0:00:17] [#]} 45. Qd6 (45. Bf5 $142 $1 Qf7 46. Bd6 $1) 45... Qf7 (45... Qxd6+ $142 46. Bxd6 Nf8) 46. Bb6 Nf4 47. Be4 Ne2 48. d5 Nc3 49. Bf3 cxd5 50. cxd5 Nxa4 51. Bg4 Qf6 (51... Nxb6 $2 52. Be6 (52. Qxb6 Qf4+ 53. Kh1 Qc1+ 54. Kh2 Qf4+ 55. Kh1 Qc1+ 56. Kh2 Qf4+ $11) 52... Nd7 53. Bxf7+) (51... Qf8 $18 52. Be6+ Bf7 53. Bxf7+ Qxf7) 52. Be6+ Kh8 {[%emt 0:00:02] [#]} 53. Bxa5 (53. Bd4 $142 $1 Qf1 54. Be5 h5 55. Qe7 Qf6 56. Qxe8+ Kh7 57. Bxf6 gxf6 58. Qg8+ Kh6 59. Bf5 h4 60. Qg6#) 53... h6 54. Qb8 Kh7 55. Bc7 {[%emt 0:00:43] This bishop pair is nice.} ({Weaker is} 55. Qxe8 Qf4+ 56. g3 Qf2+ 57. Kh1 Qf1+ 58. Kh2 Qf2+ 59. Kh1 Qf1+ 60. Kh2 Qf2+ $11) 55... Bf7 56. Be5 Qe7 57. Qb1+ $2 (57. Bf5+ $18 Bg6 58. Bxg6+ Kxg6 59. Qb1+ Kf7 60. Qf5+ Ke8 61. d6) 57... Bg6 $1 $14 58. Qb8 {[%emt 0:00:43] White is more active.} (58. Qb5 $14 Nc5 59. d6 $1 Qxe6 60. Qxc5) 58... Be8 $2 (58... Bf7 $11 59. Bf5+ Bg6 60. Bxg6+ Kxg6 61. Qb1+ Kf7) 59. Bf5+ (59. Bd6 $142 Qd7 60. Bxd7 Bxd7 61. Qb1+ Kg8 62. Qg6 Bf5 63. Qe8+ Kh7 64. Be5 Be6 65. g4 Bg8 66. Qf8 Bxd5 67. Qxg7#) 59... Bg6 $18 {[%emt 0:00:03] [#]} 60. Bd6 $1 Qf6 61. Be6 Bf7 {[%emt 0:00:17] Inhibits Qg8+.} 62. Be5 Qe7 $1 63. Bd6 Qf6 $1 64. Be5 Qe7 $1 65. Bxf7 Qxf7 {[%emt 0:00:06][%mdl 4096] Endgame KQB-KQN} 66. Qb3 Qf5 67. Bg3 $2 (67. Qg3 $18 Qg6 68. Bd4 Qxg3+ 69. Kxg3) 67... Nc5 $16 68. Qc4 Nd7 69. Qd4 {[%emt 0:00:27] Against Nb6} (69. d6 {feels hotter.} g5 70. Kg1 Qb1+ 71. Kf2) 69... h5 (69... Kg8 $142 70. Be1 Qf6) 70. d6 g5 71. Kg1 (71. Be1 $1 $16 ) 71... h4 (71... Qb1+ $1 $11 72. Kh2 Kg6) 72. Be1 Qc5 (72... Kg6 $16 73. Bd2 Qb1+ 74. Kf2 (74. Kh2 Qf5 $16) 74... Qf5+ 75. Kg1 Qb1+ 76. Kh2 Qf5 77. Kg1) 73. Qxc5 $18 Nxc5 {[%emt 0:02:19] KB-KN} 74. Bb4 Nd7 75. Kf2 Kg6 76. Kf3 {[%emt 0:00:09] Black must now prevent Ke4.} Kf5 77. Bc3 Nc5 78. Ba1 Nd7 79. Bd4 Nf8 80. Bc3 Nd7 81. Ke3 Nf8 $2 (81... Ke6 82. Ke4 Nc5+ 83. Kd4 Nb7) 82. Kf3 $2 (82. Kd4 $18 {is the precise move to win.} g4 83. hxg4+ Kxg4 84. Ke4) 82... Nd7 $16 83. Bg7 Nc5 84. Bb2 Nd7 85. Bd4 {[%emt 0:00:07] Prevents Nc5.} Nf8 $1 86. g3 $2 (86. Ke3 $18) 86... hxg3 $11 87. Kxg3 Nd7 88. Kf3 Nf8 89. Bc3 Nd7 90. Ke3 Nf8 91. Bd2 Nd7 92. Kd4 Nf6 93. Bc1 Nd7 $2 (93... g4 $1 $11 {and Black stays safe.} 94. hxg4+ Ke6) 94. Kd5 $18 Nf8 $2 (94... g4 95. hxg4+ Kxg4) 95. Kc6 g4 96. hxg4+ Kxg4 97. Kc7 $2 (97. Bh6 {mates} Ne6 98. d7 Nd8+ 99. Kd6 Kf5 100. Bg7 Nb7+ 101. Kd5 Kg5 102. Bd4) 97... Kf5 98. Bh6 Ne6+ {[%emt 0:00:29] [#]} 99. Kd7 $2 (99. Kc8 $1 $18) 99... Ke5 $2 {[%emt 0:02:16] [#]} (99... Nc5+ $1 $11 100. Ke7 Na6) 100. Ke7 $1 {[%emt 0:00:38] White threatens d7 and mate.} Nc5 101. Be3 Nb7 102. d7 Kd5 103. Bf4 Kc6 104. Ke8 Kb6 105. Bd2 Kc6 106. Ba5 Kd6 107. Bb6 Kc6 108. Be3 Kd6 109. Bf4+ Kc6 110. Ke7 Kb6 111. Be3+ Kc6 112. Ke6 Nd8+ $1 113. Ke7 Nb7 {[%emt 0:00:13] Weighted Error Value: White=0.47/Black=0.62} 1/2-1/2

[Event "Begum Laila Alam 12th Women 2022"]
[Site "Dhaka"]
[Date "2022.05.08"]
[Round "4.2"]
[White "Nusrat Jahan, Alo"]
[Black "Noshin, Anjum"]
[Result "1/2-1/2"]
[ECO "C54"]
[WhiteElo "1652"]
[BlackElo "2065"]
[Annotator "TA"]
[PlyCount "67"]
[EventDate "2022.05.05"]
[EventType "swiss"]
[EventCountry "BAN"]
[SourceTitle "playchess.com"]
[Source "ChessBase"]
[SourceQuality "1"]
[TimeControl "5400+30"]

1. e4 e5 2. Nf3 Nc6 3. Bc4 Bc5 4. c3 Nf6 5. d4 exd4 6. e5 d5 7. Bb5 Ne4 8. cxd4 Bb6 9. Nc3 O-O 10. Be3 {[%emt 0:01:19] C54: Giuoco Piano: 4 c3 Nf6, main lines with 5 d4 and 5 d3.} Bg4 11. h3 Bf5 {[%emt 0:02:23] [#]} 12. Qb3 $146 (12. O-O $14) ({Predecessor:} 12. O-O Ne7 13. Nh4 Be6 14. Bd3 c5 15. Bxe4 dxe4 16. dxc5 Bc7 17. Qh5 Ng6 18. Nxg6 hxg6 19. Qe2 Bxe5 20. Nxe4 {1-0 (39) Lagarde,M (2625)-Jianu,V (2535) Athens 2021}) 12... Nxc3 (12... Na5 $11 13. Qb4 (13. Qxd5 Qe7 $15) 13... a6) 13. Bxc6 $14 bxc6 14. Qxc3 Be4 15. Qxc6 ({White should play} 15. Nd2 $16) 15... Ba5+ 16. Bd2 Bxd2+ (16... Bb6 $11) 17. Kxd2 $2 {[%emt 0:03:01] [#]} (17. Nxd2 $16 {is necessary to keep the advantage.} Rb8 18. Nxe4 dxe4 19. Qc3 (19. Qxe4 c5 $16)) 17... Rb8 $1 $17 18. b3 (18. Qc3 $17) 18... Bxf3 (18... Rb6 $1 $15 19. Qc5 f6) 19. gxf3 $11 Rb6 20. Qc3 $36 {[%emt 0:08:52][%mdl 2048] White has some pressure.} Qh4 21. Qe3 f6 22. Ke2 (22. e6 $11) 22... fxe5 23. dxe5 d4 24. Qe4 Qxe4+ (24... Qh5 $1 $15) 25. fxe4 $15 {[%emt 0:00:01][%mdl 4096] Endgame KRR-KRR} Re6 $1 26. Rac1 Rxe5 27. Rxc7 {[%emt 0:00:15] And now Kd3 would win.} Rxe4+ 28. Kd3 Ref4 29. Rxa7 Rxf2 30. Kxd4 R8f4+ 31. Ke5 Rf5+ 32. Kd4 R5f4+ $1 33. Ke5 Rf5+ 34. Ke4 {[%emt 0:22:36] Weighted Error Value: White=0.32/Black=0.20 (precise)} 1/2-1/2

[Event "Begum Laila Alam 12th Women 2022"]
[Site "Dhaka"]
[Date "2022.05.08"]
[Round "4.3"]
[White "Warsia, Khusbu"]
[Black "Khan, Nazrana"]
[Result "0-1"]
[ECO "B41"]
[WhiteElo "1575"]
[BlackElo "1829"]
[Annotator "NA RC COMBH"]
[PlyCount "92"]
[EventDate "2022.05.05"]
[EventType "swiss"]
[EventCountry "BAN"]
[SourceTitle "playchess.com"]
[Source "ChessBase"]
[SourceQuality "1"]
[TimeControl "5400+30"]

1. e4 c5 2. Nf3 e6 3. d4 cxd4 4. Nxd4 a6 5. c4 Nf6 6. Nc3 Qc7 7. a3 Nc6 8. Be3 Ne5 9. Rc1 d6 10. Be2 Be7 11. O-O O-O 12. f4 Ng6 13. Bf3 Bd7 14. b4 Rac8 15. Nce2 Qb8 16. Ng3 Rfe8 17. Qd2 b5 18. cxb5 axb5 19. Be2 e5 20. Rxc8 Rxc8 21. Ndf5 Bxf5 22. Nxf5 Nxe4 23. Qd3 Nc3 24. Bg4 Rc4 25. Rc1 Qc7 26. Bd2 Nxf4 27. Bxf4 exf4 28. Nxe7+ Qxe7 29. Kf1 Qe3 30. Qxe3 fxe3 31. Bd7 Rc7 32. Bf5 g6 33. Bd3 Kf8 34. Re1 Ra7 35. Ra1 d5 36. Ke1 d4 37. g4 Ke7 38. h4 Kd6 39. h5 Ke5 40. hxg6 fxg6 41. g5 Kf4 42. Kf1 Kxg5 43. a4 Rxa4 44. Rxa4 bxa4 45. b5 Nd5 46. Bc4 Nb6 0-1

[Event "Begum Laila Alam 12th Women 2022"]
[Site "Dhaka"]
[Date "2022.05.08"]
[Round "4.4"]
[White "Israt, Jahan Diba"]
[Black "Kazi Zarin, Tasnim"]
[Result "0-1"]
[ECO "C54"]
[WhiteElo "1757"]
[BlackElo "1899"]
[Annotator "NA RC COMBH"]
[PlyCount "152"]
[EventDate "2022.05.05"]
[EventType "swiss"]
[EventCountry "BAN"]
[SourceTitle "playchess.com"]
[Source "ChessBase"]
[SourceQuality "1"]
[TimeControl "5400+30"]

1. e4 e5 2. Nf3 Nc6 3. Bc4 Bc5 4. O-O Nf6 5. d3 h6 6. c3 d6 7. Nbd2 O-O 8. a4 a6 9. b4 Ba7 10. h3 Re8 11. Re1 Be6 12. Bb2 Qd7 13. Bxe6 Rxe6 14. Nc4 Ne7 15. Qc2 Ng6 16. Ne3 Rae8 17. Rac1 c6 18. Nf5 Bb8 19. g4 Nf4 20. Kh2 Nh7 21. d4 exd4 22. N3xd4 Rg6 23. Nf3 Ng5 24. Nxg5 hxg5 25. c4 d5 26. e5 Rge6 27. Rcd1 Bxe5 28. Rxe5 Rxe5 29. Bxe5 Rxe5 30. Qc3 f6 31. cxd5 Nxd5 32. Qb3 Qe6 33. b5 axb5 34. axb5 Re2 35. bxc6 bxc6 36. Qb8+ Kh7 37. Qa7 Qe5+ 38. Kg1 Re1+ 39. Rxe1 Qxe1+ 40. Kh2 Qe5+ 41. Kg1 Qc7 42. Qxc7 Nxc7 43. Kg2 Nd5 44. Kf3 Kg8 45. Ke4 Kf7 46. Nd4 Ne7 47. Kd3 Ke8 48. Kc4 Kd7 49. Kc5 Ng6 50. Nf5 Nf4 51. Nxg7 Nd3+ 52. Kd4 Nxf2 53. Nh5 Ke7 54. Kc5 Nxh3 55. Kxc6 Nf2 56. Kd5 Nxg4 57. Ke4 Kf7 58. Kf5 Nh6+ 59. Ke4 f5+ 60. Kf3 Kg6 61. Ng3 Ng8 62. Ne2 Nf6 63. Nd4 Nh5 64. Ne2 g4+ 65. Kg2 f4 66. Kf2 Kg5 67. Nd4 Kf6 68. Ne2 Ke5 69. Nc3 Nf6 70. Ne2 f3 71. Ng1 Kf4 72. Ke1 Ne4 73. Kf1 Ke3 74. Ne2 fxe2+ 75. Ke1 Kf4 76. Kxe2 Kg3 0-1

[Event "Begum Laila Alam 12th Women 2022"]
[Site "Dhaka"]
[Date "2022.05.08"]
[Round "4.5"]
[White "Sharmin, Khan"]
[Black "Wadifa, Ahmed"]
[Result "0-1"]
[ECO "B41"]
[WhiteElo "1309"]
[BlackElo "1791"]
[Annotator "NA RC COMBH"]
[PlyCount "56"]
[EventDate "2022.05.05"]
[EventType "swiss"]
[EventCountry "BAN"]
[SourceTitle "playchess.com"]
[Source "ChessBase"]
[SourceQuality "1"]
[TimeControl "5400+30"]

1. e4 c5 2. Nf3 e6 3. d4 cxd4 4. Nxd4 a6 5. c3 Qc7 6. Bd3 Nf6 7. Nd2 Nc6 8. Nxc6 bxc6 9. Nf3 e5 10. O-O Be7 11. Be3 O-O 12. Qe2 h6 13. Nh4 d5 14. exd5 e4 15. Bc4 cxd5 16. Bb3 Be6 17. f3 a5 18. Bc2 g5 19. g3 gxh4 20. gxh4 Kh7 21. Kh1 Rg8 22. Rg1 Bc5 23. Bxc5 Qxc5 24. fxe4 dxe4 25. Bxe4+ Nxe4 26. Qxe4+ Bf5 27. Qf4 Qd5+ 28. Rg2 Qxg2# 0-1

[Event "Begum Laila Alam 12th Women 2022"]
[Site "Dhaka"]
[Date "2022.05.08"]
[Round "4.6"]
[White "Sumi, Akter"]
[Black "Sultana, Zakia"]
[Result "0-1"]
[ECO "D02"]
[WhiteElo "1287"]
[BlackElo "1777"]
[Annotator "NA RC COMBH"]
[PlyCount "111"]
[EventDate "2022.05.05"]
[EventType "swiss"]
[EventCountry "BAN"]
[SourceTitle "playchess.com"]
[Source "ChessBase"]
[SourceQuality "1"]
[TimeControl "5400+30"]

1. d4 d5 2. Bf4 Nf6 3. e3 Bf5 4. Nf3 e6 5. Bd3 Bxd3 6. Qxd3 c6 7. c3 Nbd7 8. Nbd2 Be7 9. Ne5 Nxe5 10. Bxe5 O-O 11. Nf3 Ne4 12. Bg3 Rc8 13. Nd2 Nxd2 14. Qxd2 c5 15. O-O Qd7 16. a3 b5 17. Qe2 Rfe8 18. Qg4 Bf6 19. Rfe1 Qc6 20. Bh4 Bxh4 21. Qxh4 f5 22. f4 Rf8 23. Rf1 Rf6 24. Rf3 Qb7 25. Rg3 Kf8 26. Rh3 Rh6 27. Qg3 Rg6 28. Qh4 h6 29. Qh5 Rf6 30. Qf3 a5 31. Qe2 Qb6 32. Rb1 b4 33. axb4 axb4 34. dxc5 Qxc5 35. cxb4 Qxb4 36. Rg3 Rc4 37. Ra1 Qb7 38. Qd2 Rb4 39. Ra8+ Kf7 40. Ra2 Kg8 41. Ra8+ Kh7 42. Ra2 Rf7 43. Qc3 Rc7 44. Qd2 Rbc4 45. Rf3 Rc1+ 46. Rf1 R1c2 47. Qd4 Qb3 48. Rfa1 Rc1+ 49. Kf2 R1c4 50. Qe5 Qc2+ 51. Kf3 Re4 52. Qd6 Qb3 53. Ra3 Rxe3+ 54. Kf2 Rc2+ 55. Kf1 Qc4+ 56. Kg1 0-1

[Event "Begum Laila Alam 12th Women 2022"]
[Site "Dhaka"]
[Date "2022.05.09"]
[Round "5.1"]
[White "Khan, Nazrana"]
[Black "Sultana, Sharmin Shirin"]
[Result "0-1"]
[ECO "D12"]
[WhiteElo "1829"]
[BlackElo "1992"]
[Annotator "TA"]
[PlyCount "108"]
[EventDate "2022.05.05"]
[EventType "swiss"]
[EventCountry "BAN"]
[SourceTitle "playchess.com"]
[Source "ChessBase"]
[SourceQuality "1"]
[TimeControl "5400+30"]

1. d4 d5 2. c4 c6 3. Nf3 Nf6 4. e3 Bf5 5. Qb3 Qc8 6. cxd5 {[%emt 1:31:34] [#] D12: Slav Defence: 3 Nf3 Nf6 4 e3 Bf5.} Nxd5 $146 (6... cxd5 $11 {remains equal.} 7. Nc3 e6) ({Predecessor:} 6... cxd5 7. Nc3 e6 8. Bb5+ Nfd7 9. Bd2 Nc6 10. O-O a6 11. Be2 Be7 12. Rfc1 O-O 13. Na4 b5 14. Nc5 Nxc5 15. dxc5 {0-1 (33) De Francesco,K (2178)-Rozman,M (2159) Austria 2021}) 7. Nc3 e6 8. Be2 (8. e4 $16 Nxc3 9. exf5 (9. bxc3 Bxe4 10. Ng5 Bg6 $15)) 8... Be7 $14 9. O-O O-O 10. Bd2 a5 11. a3 Nd7 12. Rac1 Qb8 13. h3 h6 14. Rfe1 Bg6 15. Bf1 Bh5 16. Be2 N7f6 17. Ne5 {[%emt 0:00:00] [#] Black must now prevent Bxh5.} Bxe2 (17... Nxc3 {feels hotter.} 18. Bxh5 Nce4 19. Bxf7+ Rxf7 20. Qxe6 Qf8) 18. Rxe2 Nxc3 19. bxc3 a4 20. Qa2 Bd6 21. Nc4 Bc7 22. e4 e5 23. Nxe5 Bxe5 24. dxe5 Qxe5 25. Rce1 Rfe8 26. c4 Nd7 27. Qc2 Qh5 (27... Nc5 $11) 28. Re3 b5 (28... Nc5 $11 {keeps the balance.}) 29. Rg3 $16 Rad8 30. Bc3 f6 31. cxb5 cxb5 32. Ba5 (32. f4 $16) 32... Rc8 $14 33. Qd2 Nc5 (33... Ne5 $1 $11) 34. Qd4 (34. Bc3 $5 ) 34... Qe5 35. Qxe5 (35. Qd1 {seems wilder.} Nxe4 36. Rge3 f5 37. Qd7) 35... Rxe5 36. Rge3 Rce8 37. f3 R5e6 38. Bb4 Nd7 39. Rd1 Nb6 40. Red3 Rc6 41. Rd8 Kf7 42. Kh2 Rc2 43. R8d6 (43. R8d2 $5 Rec8 44. Kg3 $14) 43... Nc4 44. Rd7+ Kg6 45. R1d5 $2 {[%emt 0:04:33] [#]} (45. h4 $11) 45... Ne3 $1 $17 46. Bd2 $2 (46. Rxb5 {was worth a try.} Rxg2+ 47. Kh1) 46... Nxd5 $19 {[%emt 0:00:22] Active counter play!} 47. Rxd5 {[%emt 0:00:20][%mdl 4096] Endgame KRR-KRB} Re5 48. Rd6 Kf7 49. h4 h5 50. Bb4 g5 51. Rd5 $2 (51. Rd7+ Ke8 52. Rb7) 51... Rxd5 {[%emt 0:01:03] Black is clearly winning.} 52. exd5 Rb2 {[%emt 0:00:22][%cal Ob2b4] Hoping for ...Rxb4!} 53. Bc5 b4 {[%emt 0:00:45] Threatens to win with ...b3.} 54. hxg5 fxg5 {[%emt 0:00:09] Weighted Error Value: White=0.49/Black=0.25 (precise)} 0-1

[Event "Begum Laila Alam 12th Women 2022"]
[Site "Dhaka"]
[Date "2022.05.09"]
[Round "5.2"]
[White "Hamid, Rani"]
[Black "Nusrat Jahan, Alo"]
[Result "1-0"]
[ECO "C02"]
[WhiteElo "1783"]
[BlackElo "1652"]
[Annotator "NA RC COMBH"]
[PlyCount "69"]
[EventDate "2022.05.05"]
[EventType "swiss"]
[EventCountry "BAN"]
[SourceTitle "playchess.com"]
[Source "ChessBase"]
[SourceQuality "1"]
[TimeControl "5400+30"]

1. e4 c6 2. d4 d5 3. e5 Bf5 4. Nf3 e6 5. Bd3 Bxd3 6. Qxd3 c5 7. c3 Qb6 8. O-O Nc6 9. Nbd2 cxd4 10. cxd4 Nh6 11. Nb3 Nf5 12. Bd2 Be7 13. Rac1 O-O 14. Rfd1 Rac8 15. Bg5 h6 16. Bxe7 Nfxe7 17. Rc3 Na5 18. Nc5 Rc7 19. b3 Nac6 20. Rdc1 Qa5 21. Qd2 Nb4 22. Na4 Rxc3 23. Rxc3 Rc8 24. Rxc8+ Nxc8 25. Nc5 Qb5 26. a4 Qb6 27. g4 Na6 28. Nxa6 Qxa6 29. g5 h5 30. g6 fxg6 31. Qg5 Qb6 32. Qxg6 Qxb3 33. Qxe6+ Kh8 34. Qxc8+ Kh7 35. Qf5+ 1-0

[Event "Begum Laila Alam 12th Women 2022"]
[Site "Dhaka"]
[Date "2022.05.09"]
[Round "5.3"]
[White "Noshin, Anjum"]
[Black "Tasnia Tarannum, Orpa"]
[Result "1-0"]
[ECO "B15"]
[WhiteElo "2065"]
[BlackElo "1691"]
[Annotator "TA"]
[PlyCount "105"]
[EventDate "2022.05.05"]
[EventType "swiss"]
[EventCountry "BAN"]
[SourceTitle "playchess.com"]
[Source "ChessBase"]
[SourceQuality "1"]
[TimeControl "5400+30"]

1. e4 c6 2. d4 d5 3. Nc3 dxe4 4. Nxe4 Nf6 5. Nxf6+ exf6 6. c3 Bd6 7. Bd3 O-O 8. Qc2 {[%emt 0:00:14] Active counter play!} Re8+ {[%emt 0:00:03] B15: Caro-Kann: 3 Nc3: 3...g6 and 3...dxe4 4 Nxe4 Nf6 5 Nxf6+ exf6.} 9. Ne2 h5 10. Be3 Nd7 {[%emt 0:01:23] White has an edge.} 11. O-O-O Nf8 12. Kb1 Be6 13. c4 Rc8 14. h3 b5 15. c5 Bb8 16. g4 Bd5 {[%emt 0:01:55] [#]} ({Don't do} 16... hxg4 17. hxg4 Bd5 18. Rh3 $14 (18. Bh7+ Nxh7 19. Qxh7+ Kf8 $15)) 17. Rhe1 $146 ({Predecessor:} 17. Rhg1 h4 18. g5 Bh2 19. Rg4 Bf3 20. gxf6 Qxf6 21. Bg5 Qe6 22. Rxh4 Ng6 23. d5 cxd5 24. Rd2 Nxh4 25. Bxh4 Qh6 {0-1 (25) Haussernot,C (2188)-Ahmad,A (2226) Marmaris 2022}) 17... Bf3 18. gxh5 Bxh5 19. Rc1 a5 20. Ng3 (20. Rg1 $15) 20... Bg6 (20... Bxg3 $17 21. fxg3 Bg6) 21. Rcd1 (21. Nf5 $1 $11) 21... Bxd3 22. Qxd3 Bxg3 23. fxg3 Qd7 24. g4 Rcd8 25. Bf2 Qd5 ({Better is} 25... Ne6 $15) 26. Bg3 (26. Rxe8 $11 Rxe8 27. Qb3) 26... Rxe1 $17 27. Bxe1 a4 28. Bg3 Re8 29. Bd6 Nh7 (29... Re4 $17 {Threatens to win with ...Ne6.} 30. Bxf8 Kxf8) 30. h4 (30. Qf5 $1 $11 {keeps the balance.}) 30... Qg2 (30... Re4 $17 31. Qf3 f5 32. Qxf5 (32. gxf5 Nf6 $17) 32... Nf6) 31. d5 $11 Rd8 $2 {[%emt 0:21:36] White now steadily converts the win.} (31... Re2 $11 {and Black is okay.} 32. Qc3 Nf8) 32. dxc6 $18 Qxc6 33. Qd5 Qxd5 34. Rxd5 {[%emt 0:00:06][%mdl 4096] [#] Endgame Hoping for c6. KRB-KRN} Nf8 35. b4 Ne6 36. Rd2 Rc8 37. Kc2 Kh7 38. Kd3 {[%emt 0:00:17] Black must now prevent Ke4.} g6 $2 {[%emt 0:00:32] [#]} (38... Re8 $16 {keeps fighting.} 39. a3 Kg6) 39. Ke4 Nd8 40. a3 Nc6 41. Kd5 Kg7 42. Re2 Kg8 43. Bg3 Kf8 44. Bd6+ $2 (44. Bf4 $18 Kg8 45. Bd6) 44... Kg7 $2 (44... Kg8 $1 $11 {and Black has nothing to worry.} 45. Rf2 Kg7) 45. Re1 Kh7 46. Bg3 Kg7 47. Kd6 Nb8 48. Rc1 Rc6+ 49. Kd5 Rc8 50. Bxb8 Rxb8 51. c6 Kf8 52. c7 Rc8 53. Ke4 {[%emt 0:02:46] Weighted Error Value: White=0.26 (precise) /Black=0.70} (53. Kd6 $142 Ke8 54. Re1+ Kf8 55. Kd7) 1-0

[Event "Begum Laila Alam 12th Women 2022"]
[Site "Dhaka"]
[Date "2022.05.09"]
[Round "5.4"]
[White "Kazi Zarin, Tasnim"]
[Black "Omnia Binta Yusuf, Lubaba"]
[Result "1/2-1/2"]
[ECO "B13"]
[WhiteElo "1899"]
[BlackElo "1652"]
[Annotator "NA RC COMBH"]
[PlyCount "159"]
[EventDate "2022.05.05"]
[EventType "swiss"]
[EventCountry "BAN"]
[SourceTitle "playchess.com"]
[Source "ChessBase"]
[SourceQuality "1"]
[TimeControl "5400+30"]

1. e4 c6 2. d4 d5 3. exd5 cxd5 4. Bd3 Nc6 5. c3 Nf6 6. Bf4 e6 7. Nf3 Bd6 8. Bxd6 Qxd6 9. O-O O-O 10. Re1 b6 11. Nbd2 Bb7 12. Ne5 a5 13. Qe2 Nb8 14. Ng4 Nbd7 15. Nxf6+ Nxf6 16. Nf3 Rfb8 17. Ne5 Qc7 18. Rac1 Qe7 19. Qf3 a4 20. Re3 Ne4 21. Qe2 Qe8 22. Bb5 Qd8 23. Nc6 Bxc6 24. Bxc6 Ra7 25. Bb5 Qg5 26. Bd3 Nd6 27. Re1 b5 28. Rg3 Qf6 29. Rh3 g6 30. Qc2 Rc7 31. Rf3 Qg7 32. Qd2 Nc4 33. Qf4 Rcb7 34. b3 axb3 35. axb3 Na5 36. b4 Nc6 37. Qd6 Na7 38. Ra1 Nc8 39. Qd8+ Qf8 40. Qg5 Ra7 41. Rxa7 Nxa7 42. h4 Rc8 43. h5 Rxc3 44. hxg6 hxg6 45. Rh3 Nc6 46. Qd2 Rb3 47. Qg5 Qg7 48. Qc1 Ne7 49. Qc5 Qf8 50. Qxb5 Qc8 51. Rg3 Qc1+ 52. Kh2 Qh6+ 53. Rh3 Qf4+ 54. Kg1 Qc1+ 55. Kh2 Qf4+ 56. Kg1 Qc1+ 57. Bf1 Rxh3 58. gxh3 Qg5+ 59. Kh1 Nf5 60. Qb8+ Kh7 61. Qe5 Qh5 62. Qf6 Kg8 63. b5 Qf3+ 64. Kg1 Qb3 65. Qd8+ Kg7 66. Qc7 Nh4 67. b6 Nf3+ 68. Kg2 Nh4+ 69. Kh2 Nf3+ 70. Kh1 Qd1 71. Kg2 Nh4+ 72. Kg1 Nf3+ 73. Kg2 Nh4+ 74. Kg1 Nf3+ 75. Kg2 Nh4+ 76. Kg1 Qb3 77. Qg3 Kh7 78. Kh1 Nf5 79. Qc7 Qf3+ 80. Kg1 1/2-1/2

[Event "Begum Laila Alam 12th Women 2022"]
[Site "Dhaka"]
[Date "2022.05.09"]
[Round "5.5"]
[White "Wadifa, Ahmed"]
[Black "Neelava, Choudhury"]
[Result "1-0"]
[ECO "B48"]
[WhiteElo "1791"]
[BlackElo "1515"]
[Annotator "NA RC COMBH"]
[PlyCount "24"]
[EventDate "2022.05.05"]
[EventType "swiss"]
[EventCountry "BAN"]
[SourceTitle "playchess.com"]
[Source "ChessBase"]
[SourceQuality "1"]
[TimeControl "5400+30"]

1. e4 c5 2. Nf3 e6 3. d4 cxd4 4. Nxd4 Nc6 5. Nc3 Qc7 6. Be3 a6 7. Bd3 Bc5 8. Nxe6 dxe6 9. Bxc5 Ne5 10. Be3 Nxd3+ 11. cxd3 Nf6 12. h3 Qd6 1-0

[Event "Begum Laila Alam 12th Women 2022"]
[Site "Dhaka"]
[Date "2022.05.09"]
[Round "5.6"]
[White "Sultana, Zakia"]
[Black "Essaba, Masnun"]
[Result "1-0"]
[ECO "A41"]
[WhiteElo "1777"]
[BlackElo "1316"]
[Annotator "NA RC COMBH"]
[PlyCount "87"]
[EventDate "2022.05.05"]
[EventType "swiss"]
[EventCountry "BAN"]
[SourceTitle "playchess.com"]
[Source "ChessBase"]
[SourceQuality "1"]
[TimeControl "5400+30"]

1. d4 g6 2. Nf3 d6 3. Bf4 Bg7 4. e3 a6 5. Be2 e6 6. Nbd2 Nd7 7. Bg3 h6 8. h3 b6 9. c3 Bb7 10. Qc2 Ne7 11. e4 O-O 12. O-O Qe8 13. Bd3 Rc8 14. Qb3 d5 15. Rfe1 dxe4 16. Bxe4 Bxe4 17. Nxe4 Nf5 18. Bh2 Qd8 19. Rad1 Nf6 20. Nxf6+ Bxf6 21. d5 exd5 22. Rxd5 Nd6 23. Qa3 Nc4 24. Rxd8 Nxa3 25. Rxf8+ Kxf8 26. bxa3 Bxc3 27. Rc1 Bb2 28. Bd6+ Kg8 29. Rxc7 Rxc7 30. Bxc7 b5 31. Bd6 f6 32. Kf1 Kf7 33. Ke2 Ke6 34. Bf8 h5 35. Kd3 Kd5 36. Nh4 g5 37. Nf5 Ke6 38. g4 hxg4 39. hxg4 Be5 40. Bb4 Kd5 41. Ne3+ Kc6 42. Ke4 Bh2 43. f3 Be5 44. Nd5 1-0